 Dungeon Crawl Stone Soup version 0.27.1-2-g3b301248ec (webtiles) character file.

Game seed: 16848714390488260462

4 DoubleLucky the Caller (level 1, -1/10 HPs)
             Began as a Tengu Summoner on Sept 26, 2021.
             Slain by a gnoll (9 damage)
             ... on level 1 of the Dungeon.
             The game lasted 00:02:10 (518 turns).

DoubleLucky the Caller (Tengu Summoner)              Turns: 518, Time: 00:02:11

Health: -1/10      AC:  2    Str:  8    XL:     1   Next: 70%
Magic:  1/4        EV: 12    Int: 15    God:
Gold:   10         SH:  0    Dex: 14    Spells: 3/4 levels left

rFire    . . .     SeeInvis .   b - +0 whip
rCold    . . .     Faith    .   (no shield)
rNeg     . . .     Spirit   .   a - +0 robe
rPois    .         Reflect  .   (helmet restricted)
rElec    .         Harm     .   (no cloak)
rCorr    .         Rampage  .   (no gloves)
Will     .....                  (boots unavailable)
Stlth    ++........             (no amulet)
HPRegen  0.03/turn              (no ring)
MPRegen  0.09/turn              (no ring)

@: no status effects
A: beak, talons 3
a: no special abilities


You were on level 1 of the Dungeon.
You visited 1 branch of the dungeon, and saw 1 of its levels.

You collected 10 gold pieces.

Inventory:

Hand Weapons
 b - a +0 whip (weapon)
Armour
 a - a +0 robe (worn)
Jewellery
 c - a ring of flight
Potions
 d - a potion of brilliance {unknown}


   Skills:
 - Level 2.1 Dodging
 - Level 2.0 Stealth
 - Level 2.0 Spellcasting
 + Level 5.1 Summonings


You had 3 spell levels left.
You knew the following spells:

 Your Spells              Type           Power      Damage    Failure   Level
a - Summon Small Mammal   Summ           68%        N/A       2%          1

Your spell library contained the following spells:

 Spells                   Type           Power      Damage    Failure   Level
 Call Imp                 Summ           17%        N/A       4%          2
 Call Canine Familiar     Summ           17%        N/A       8%          3
 Magic Dart               Conj           4%         1d3       22%         1
 Summon Guardian Golem    Hex/Summ       9%         N/A       22%         3
 Stone Arrow              Conj/Erth      2%         3d7       54%         3
 Summon Lightning Spire   Summ/Air       9%         N/A       58%         4
 Fulminant Prism          Conj/Hex       0%         3d6       91%         4


Dungeon Overview and Level Annotations

Branches:
Dungeon (1/15)

Altars:


Innate Abilities, Weirdness & Mutations

You have a beak for a mouth.
You have claws for feet.


Message History

You barely miss the ball python.
The ball python is moderately wounded.
The ball python barely misses you. The ball python constricts you.
You escape the ball python's grasp.
You swap places.
Your bat hits the ball python. The ball python misses your bat.
The ball python barely misses your bat.
Your bat closely misses the ball python.
You completely miss the ball python.
The ball python is severely wounded.
Your bat misses the ball python.
Your bat closely misses the ball python.
The ball python bites you. The ball python misses you.
Your bat misses the ball python.
You swap places.
Your bat closely misses the ball python.
The ball python completely misses you. The ball python barely misses you.
Your bat barely misses the ball python.
The ball python closely misses you. x2
You hit the ball python.
You kill the ball python!
You start resting.
Your bat disappears in a puff of smoke!
HP restored.
d - a smoky sapphire potion
Casting: Summon Small Mammal (safe; 2% risk of failure)
Confirm with . or Enter, or press ? or * to list all spells.
The gnoll shouts!
Casting: Summon Small Mammal (safe; 2% risk of failure)
Confirm with . or Enter, or press ? or * to list all spells.
Casting: Summon Small Mammal (safe; 2% risk of failure)
Confirm with . or Enter, or press ? or * to list all spells.
Press: ? - help, v - describe, . - travel
Here: a rat (summoned, friendly)
The floor.
The gnoll barely misses you.
Your rat barely misses the gnoll.
The gnoll hits you from afar with a +0 spear.
Your rat bites the gnoll but does no damage.
The gnoll hits you from afar with a +0 spear!
Ouch! That really hurt!
You die...

######## #.. ...#
#.####.####
#####.#.....bb# #
#.......##.##@#
.###.###.####.##r#
#.##.# #.# #.##g#
.....# #.. ..##.#
#.#### #### ####.#
.########### ...#
.###.......# #.###
..##.......# #.#
...#.......# #.#


You could see a gnoll (ally target), 2 friendly bats and a friendly rat
(summoned).

Vanquished Creatures
  A ball python (D:1)
  A kobold (D:1)
2 creatures vanquished.

Vanquished Creatures (collateral kills)
  A giant cockroach (D:1)
  A hobgoblin (D:1)
  A quokka (D:1)
  A rat (D:1)
4 creatures vanquished.

Grand Total: 6 creatures vanquished

Notes
Turn   | Place    | Note
-------+----------+-------------------------------------------
     0 | D:1      | DoubleLucky the Tengu Summoner began the quest for the Orb.
     0 | D:1      | Reached XP level 1. HP: 10/10 MP: 4/4
   231 | D:1      | Reached skill level 5 in Summonings
   242 | D:1      | Got the Guide on Battle Magic
   518 | D:1      | Slain by a gnoll

Illustrated notes

Levels and vault maps discovered:
D:1:      lightli_arrival_flooded_house, layout_loops_cross

Skill      XL: |  1 |
---------------+----+-----
Summonings     | 5 |  5.1
Dodging        | |  2.1
Stealth        | |  2.0
Spellcasting   | |  2.0

Action                   || total
-------------------------++-------
Melee: Whip              ||     9
       Unarmed           ||     4
       Peck              ||     2
       Kick              ||     1
 Cast: Summon Small Mamm ||    10
Armor: Robe              ||     3
Dodge: Dodged            ||    13
